 Dungeon Crawl Stone Soup version 0.21-a0-227-g58a7c62 (webtiles) character file.

18 Gorglomux the Insei (level 2, 0/21 HPs)
             Began as a Gnoll Transmuter on Aug 30, 2017.
             Slain by a kobold
             ... wielding a +0 short sword
              (4 damage)
             ... on level 2 of the Dungeon.
             The game lasted 00:02:53 (1340 turns).

Gorglomux the Insei (Gnoll Transmuter)              Turns: 1340, Time: 00:02:54

Health: 0/21       AC:  2    Str:  7    XL:     2   Next: 66%
Magic:  2/6        EV: 12    Int:  7    God:
Gold:   78         SH:  0    Dex:  7    Spells: 4/7 levels left

rFire    . . .     SeeInvis .     - Unarmed
rCold    . . .     Gourm    .   (no shield)
rNeg     . . .     Faith    .   b - +0 robe
rPois    .         Spirit   .   (no helmet)
rElec    .         Reflect  .   (no cloak)
rCorr    .         Harm     .   (no gloves)
MR       .....                  (no boots)
Stlth    +.........             (no amulet)
HPRegen  0.07/turn              (no ring)
MPRegen  0.10/turn              (no ring)

@: no status effects
A: unchanging attributes, fangs 1, strong nose
a: no special abilities


You were on level 2 of the Dungeon.
You were not hungry.

You visited 1 branch of the dungeon, and saw 2 of its levels.

You collected 78 gold pieces.

Inventory:

Missiles
 a - 10 arrows
Armour
 b - a +0 robe (worn)
Scrolls
 e - 2 scrolls of teleportation {unknown}
 g - 2 scrolls of identify {unknown}
 j - a scroll of blinking {unknown}
 l - a scroll of remove curse {unknown}
 n - a scroll of enchant armour {unknown}
Potions
 i - a potion of haste {unknown}
 m - 2 potions of magic {unknown}
Books
 c - a book of Changes

   Spells                             Type                      Level
   a - Beastly Appendage              Transmutation                1
   b - Sticks to Snakes               Transmutation                2
   c - Spider Form                    Transmutation/Poison         3
   d - Ice Form                       Ice/Transmutation            4
   e - Blade Hands                    Transmutation                5
Comestibles
 d - 2 bread rations
 h - a royal jelly
 k - a chunk of flesh


   Skills:
 - Level 1.3 Fighting
 - Level 2.6 Dodging
 + Level 4.5 Unarmed Combat
 - Level 3.0 Spellcasting
 + Level 3.6 Transmutations


You had 4 spell levels left.
You knew the following spells:

 Your Spells              Type           Power        Failure   Level  Hunger
a - Beastly Appendage     Tmut           #.....       8%          1    ##.....
b - Sticks to Snakes      Tmut           #.......     12%         2    ###....


Dungeon Overview and Level Annotations

Branches:
Dungeon (2/15)

Altars:

Annotations:
D:1 1 runed door


Innate Abilities, Weirdness & Mutations

Your physical attributes are unchanging.
You have very sharp teeth.
Your uncanny sense of smell can sniff out nearby items.


Message History

You closely miss the kobold! You punch the kobold!
The kobold is severely wounded!
The kobold hits you with a short sword! The kobold hits you but does no damage!
You barely miss the kobold!
The kobold is severely wounded!
The kobold barely misses you!
The kobold hits you with a dagger! * * * don't die
* * * A worm comes into view!
You are too injured to fight recklessly!!!
You are too injured to fight recklessly!!!
Unknown command!
Your talons disappear!
Casting: Beastly Butt
Confirm with ! or Enter, or press ? or * to list all spells!
You create a snake!!!
You now have 11 arrows!
The kobold closely misses butt!
Casting: Sticks to Snakes
Confirm with ! or Enter, or press ? or * to list all spells!
You create a snake!!!
You now have 10 arrows!
The kobold hits you with a short sword! rip

##..........#.## ..#
#..............# ##.###
...............###....#
................##....#
..............#.....<.#
................K#....#
..............##.#....#
#.......)....###K#....#
............###.@S.####
..#######)(####....#
............(##.S..#
#.#########........#
#.# #...#....# #..
###.#....# ....
#.#....# ###.. #.######
...


You could see 2 kobolds and 2 friendly ball pythons.

Vanquished Creatures
  A dart slug (D:1)
  2 bats
  A giant cockroach (D:2)
  2 goblins (D:1)
  2 hobgoblins
  4 kobolds
  A rat (D:1)
13 creatures vanquished.

Notes
Turn   | Place    | Note
-------+----------+-------------------------------------------
     0 | D:1      | Gorglomux the Gnoll Transmuter began the quest for the Orb.
     0 | D:1      | Reached XP level 1. HP: 15/15 MP: 4/4
     1 | D:1      | Found a runed door.
   256 | D:1      | Reached skill level 3 in Transmutations
   410 | D:1      | Reached XP level 2. HP: 4/21 MP: 4/6
  1203 | D:2      | Learned a level 2 spell: Sticks to Snakes
  1340 | D:2      | Slain by a kobold

Vault maps used:
D:1:      dpeg_arrival_caged_fury
D:2:      elyvilon_altar_4, first_bread, trog_butcher_becter

Skill      XL: |  1 |
---------------+----+-----
Transmutations | 3 |  3.6
Fighting       | |  1.3
Dodging        | |  2.6
Unarmed Combat | |  4.5
Spellcasting   | |  3.0

Action                   || total
-------------------------++-------
Melee: Unarmed           ||    83
       Bite              ||     6
       Punch             ||     2
 Cast: Beastly Appendage ||    11
       Sticks to Snakes  ||     2
  Eat: Chunk             ||     2
Armor: Robe              ||    19
Dodge: Dodged            ||    54

Table legend:
 A = Spawn XP
 B = Non-spawn XP
 C = Spawn XP percentage of total XP
 D = Spawn monster count
 E = Non-spawn monster count
 F = Spawn count percentage of total count
 G = Total turns spent on level
                    A         B        C        D         E        F      G
               +---------+---------+-------+---------+---------+-------+---------
         Total |       2 |      24 |   7.7 |       1 |      12 |   7.7 |  1340
               +---------+---------+-------+---------+---------+-------+---------
           D:1 |       2 |      15 |  11.8 |       1 |       7 |  12.5 |  1184
           D:2 |       0 |       9 |   0.0 |       0 |       5 |   0.0 |   156
               +---------+---------+-------+---------+---------+-------+---------
